 Dungeon Crawl Stone Soup version 0.28.0-53-g5a82cb258f (webtiles) character file.

Game seed: 5280266303889950782

764 MiltankisOP the Fighter (level 7, -12/74 HPs)
             Began as a Naga Transmuter on June 25, 2022.
             Mangled by a yak (15 damage)
             ... on level 4 of the Dungeon.
             The game lasted 00:13:50 (6404 turns).

MiltankisOP the Fighter (Naga Transmuter)           Turns: 6404, Time: 00:13:51

Health: -12/74     AC:  6    Str: 13    XL:     7   Next: 81%
Magic:  10/10      EV: 10    Int: 19    God:
Gold:   147        SH:  0    Dex: 13    Spells: 9/10 levels left

rFire   + . .      SeeInvis +   m - +3 short sword
rCold   . . .      Faith    .   (no shield)
rNeg    . . .      Spirit   .   u - +2 robe {Will+}
rPois   +          Reflect  .   (no helmet)
rElec   .          Harm     .   s - +0 cloak
rCorr   .          Rampage  .   (no gloves)
Will    +....                   (no barding)
Stlth   +.........              (no amulet)
HPRegen 0.22/turn               h - ring of protection from fire
MPRegen 0.12/turn               i - +6 ring of intelligence

@: short of breath, very slow
A: AC +2, large, see invisible, deformed body, poison resistance, slowness 2,
spit poison 1, naga tail 1
a: Spit Poison


You were on level 4 of the Dungeon.
You visited 1 branch of the dungeon, and saw 6 of its levels.

You collected 147 gold pieces.

Inventory:

Hand Weapons
 m - a +3 short sword (weapon)
Missiles
 q - 3 boomerangs
Armour
 a - a +0 robe
 o - an orb of energy
 s - a +0 cloak (worn)
 u - a +2 robe of willpower (worn)
Jewellery
 h - a ring of protection from fire (left hand)
 i - a +6 ring of intelligence (right hand)
 r - a ring of fire
Wands
 p - a wand of paralysis (10)
Scrolls
 b - 2 scrolls of enchant armour {unknown}
 e - 2 scrolls of teleportation
 f - a scroll of torment {unknown}
 g - a scroll of blinking {unknown}
 j - 6 scrolls of identify {unknown}
 l - a scroll of noise {unknown}
 v - a scroll of enchant weapon {unknown}
Potions
 c - 2 potions of curing {unknown}
 d - 2 potions of mutation {unknown}
 k - a potion of flight {unknown}
 n - a potion of lignification {unknown}
 t - a potion of attraction {unknown}
 w - a potion of might


   Skills:
 - Level 8.0 Fighting
 - Level 1.5 Dodging
 - Level 3.0 Unarmed Combat
 - Level 2.0 Spellcasting
 + Level 3.3 Transmutations


You had 9 spell levels left.
You knew the following spells:

 Your Spells              Type           Power      Damage    Failure   Level
a - Beastly Appendage     Tmut           28%        N/A       4%          1

Your spell library contained the following spells:

 Spells                   Type           Power      Damage    Failure   Level
 Wereblood                Tmut           14%        N/A       6%          2
 Passwall                 Tmut/Erth      6%         N/A       13%         2
 Sandblast                Erth           2%         2d4       17%         1
 Blink                    Tloc           2%         N/A       26%         2
 Spider Form              Tmut/Pois      8%         N/A       26%         3
 Ignite Poison            Fire/Tmut/Pois 6%         N/A       32%         3
 Conjure Flame            Conj/Fire      1%         6-21      45%         3
 Lesser Beckoning         Tloc           1%         N/A       45%         3
 Stone Arrow              Conj/Erth      2%         3d7       45%         3
 Ice Form                 Ice/Tmut       8%         N/A       63%         4
 Sticky Flame             Conj/Fire      1%         2d3       86%         4
 Manifold Assault         Tloc           1%         N/A       99%         5


Dungeon Overview and Level Annotations

Branches:
Dungeon (6/15)
 Temple: D:4-7

Altars:
Kikubaaqudgha

Shops:
D:4 :


Innate Abilities, Weirdness & Mutations

Your serpentine skin is tough. (AC +2)
You have supernaturally acute eyesight. (SInv)
Armour fits poorly on your strangely shaped body.
Your system is resistant to poisons. (rPois)
You cover ground very slowly.
You can spit poison.
You have a snake-like lower body.


Message History

The yak is severely wounded.
The yak looks more healthy.
The yak gores you.
You closely miss the yak.
The yak is severely wounded.
You have got your breath back.
The yak barely misses you.
You hit the yak but do no damage. You headbutt the yak.
The yak is severely wounded.
The yak gores you but does no damage.
Aiming: Spit Poison (1% risk of failure)
Press: ? - help, Shift-Dir - straight line, f/p - yak
Aim: a yak (severely wounded, 75% to hit)
The splash of poison hits the yak but does no damage.
The yak is severely wounded.
The yak gores you!
You barely miss the yak.
The yak is severely wounded.
The yak barely misses you.
You hit the yak.
The yak is almost dead.
You have got your breath back.
The yak gores you.
* * * LOW HITPOINT WARNING * * *
Aiming: Spit Poison (1% risk of failure)
Press: ? - help, Shift-Dir - straight line, f/p - yak
Aim: a yak (almost dead, 75% to hit)
The splash of poison misses the yak.
The yak gores you!
* * * LOW HITPOINT WARNING * * *
You barely miss the yak.
The yak is almost dead.
Your horns disappear.
The yak gores you but does no damage.
You hit the yak.
The yak is almost dead.
The yak gores you!
* * * LOW HITPOINT WARNING * * *
You hit the yak but do no damage.
The yak is almost dead.
The yak gores you!
You die...

..## ##### #.# ######..♣♣...
#..### #.# #.......♣♣..#
#..### #.####.......♣♣..#
#..#### #............♣♣..#
#.....# #................#
.∩.)..# #......(.......)..
..##..# #.......)#......>#
..##..## #........####.....
..###..# ### #@.......#
###### ### #..###.##
#.Y......#
##......####........###
#....................###
##......................##
##........................##
#..........................#
#..........................#
#############...#####...####


You could see a yak.

Vanquished Creatures
  Grinder (D:3)
  Sigmund (D:3)
  A necrophage (D:4)
  A phantom (D:4)
  A howler monkey (D:5)
  An orc priest (D:4)
  An orc wizard (D:4)
  A hound skeleton (D:4)
  6 adders
  2 worms (D:2)
  5 dart slugs
  5 orcs
  7 endoplasms
  3 giant cockroaches
  14 goblins
  5 hobgoblins
  3 jackals (D:1)
  2 quokkas (D:1)
  2 ball pythons
  6 bats (D:1)
  3 frilled lizards
  11 kobolds
  5 rats
87 creatures vanquished.

Notes
Turn   | Place    | Note
-------+----------+-------------------------------------------
     0 | D:1      | MiltankisOP the Naga Transmuter began the quest for the
                  | Orb.
     0 | D:1      | Reached XP level 1. HP: 18/18 MP: 3/3
   571 | D:1      | Reached skill level 2 in Fighting
   571 | D:1      | Reached XP level 2. HP: 20/26 MP: 5/5
  1443 | D:1      | HP: 1/27 [bat (1)]
  1750 | D:1      | Reached XP level 3. HP: 26/33 MP: 4/6
  1763 | D:1      | Reached skill level 3 in Fighting
  3122 | D:2      | Reached XP level 4. HP: 40/44 MP: 5/7
  3463 | D:2      | Reached skill level 4 in Fighting
  3726 | D:3      | Noticed Sigmund
  3860 | D:3      | Found a faded altar of an unknown god.
  3906 | D:3      | You fall into a shaft and drop 3 floors!
  3986 | D:5      | Entered Level 5 of the Dungeon
  3987 | D:5      | Noticed a phantom
  3993 | D:4      | Found an ancient bone altar of Kikubaaqudgha.
  4183 | D:4      | Found Pearogge's Book Emporium.
  4477 | D:4      | Reached XP level 5. HP: 33/51 MP: 8/8
  4508 | D:4      | Reached skill level 5 in Fighting
  4883 | D:4      | Noticed a necrophage
  4892 | D:4      | Killed a necrophage
  4893 | D:4      | Reached skill level 6 in Fighting
  4893 | D:4      | Reached XP level 6. HP: 40/62 MP: 7/9
  5107 | D:3      | Killed Sigmund
  5108 | D:3      | Reached skill level 7 in Fighting
  5108 | D:3      | Reached XP level 7. HP: 34/72 MP: 8/10
  5287 | D:3      | Noticed Grinder
  5319 | D:3      | Killed Grinder
  6004 | D:5      | Noticed a yak
  6004 | D:5      | Noticed a yak
  6004 | D:5      | Noticed a yak
  6005 | D:5      | Noticed a yak
  6088 | D:5      | Reached skill level 8 in Fighting
  6387 | D:5      | Noticed a yak
  6387 | D:5      | Noticed a yak
  6403 | D:4      | HP: 3/74 [yak (10)]
  6404 | D:4      | Mangled by a yak

Illustrated notes

Levels and vault maps discovered:
D:1:      tarquinn_simple_flora_water_e, layout_basic, st_stairs_10
D:2:      layout_basic
D:3:      layout_rooms, basic_ecumenical_altar, uniq_grinder, uniq_sigmund
D:4:      layout_cave_pods, mainiacjoe_overflow_chevrons, serial_shops,
          nicolae_square_shop
D:5:      layout_loops_ring, minmay_misc_feat_columns, grunt_decor_fettered,
          minmay_misc_feat_diagonals, uniq_crazy_yiuf_cottage
D:6:      layout_layer_cave, nicolae_uskayaw_dance_hall,
          mainiacjoe_overflow_alcove_2, minmay_guarded_unrand_staff_of_olgreb

Skill      XL: |  1  2  3  4  5  6  7 |
---------------+----------------------+-----
Fighting       | 2 3 4 6 7 8 |  8.0
Transmutations | 3 |  3.3
Dodging        | |  1.5
Unarmed Combat | |  3.0
Spellcasting   | |  2.0

Action                   |  1- 3 |  4- 6 |  7- 9 || total
-------------------------+-------+-------+-------++-------
Melee: Unarmed           |   102 |    19 |       ||   121
       Headbutt          |    15 |    13 |     9 ||    37
       Punch             |     1 |     4 |     2 ||     7
       Short sword       |       |    75 |    63 ||   138
 Cast: Beastly Appendage |    23 |    26 |    10 ||    59
 Abil: Spit Poison       |    24 |    17 |    12 ||    53
  Use: Scroll            |       |     1 |       ||     1
 Stab: Sleeping          |       |     1 |       ||     1
Armor: Robe              |    24 |    14 |    36 ||    74
Dodge: Dodged            |    54 |    37 |    28 ||   119
